 Dungeon Crawl Stone Soup version 0.22.1-1-ga44c0e56f4 (webtiles) character file.

25139 Ihlosi the Warrior (level 13, 0/159 HPs)
             Began as an Ogre Fighter on Nov 1, 2018.
             Was a High Priest of Okawaru.
             Slain by a two-headed ogre
             ... wielding a +0 dire flail
              (2 damage)
             ... on level 2 of the Orcish Mines.
             The game lasted 01:15:40 (22591 turns).

Ihlosi the Warrior (Ogre Fighter)                  Turns: 22591, Time: 01:15:41

Health: 0/159      AC:  8    Str: 23    XL:     13   Next: 17%
Magic:  0/26       EV:  9    Int: 10    God:    Okawaru [*****.]
Gold:   79         SH: 11    Dex: 13    Spells: 18/18 levels left

rFire    + . .     SeeInvis .   a - +5 whip "Leweg" {slash, MR++ Dex+2}
rCold    + + .     Gourm    .   Q - +2 shield
rNeg     . . .     Faith    .   c - +2 robe {rC+ rF+}
rPois    +         Spirit   +   x - +2 hat
rElec    .         Reflect  .   l - +0 cloak
rCorr    .         Harm     .   (gloves unavailable)
MR       +++..     Clarity  +   (boots unavailable)
Stlth    +.........             h - amulet of guardian spirit
HPRegen  0.36/turn              v - ring of magical power
MPRegen  0.20/turn              E - ring of poison resistance

@: finesse
A: large, unfitting armour, clarity, cold resistance 1, tough skin 1, wild magic
1
a: Heroism, Finesse, Renounce Religion


You were on level 2 of the Orcish Mines.
You worshipped Okawaru.
Okawaru was extremely pleased with you.
You were near starving.

You visited 4 branches of the dungeon, and saw 16 of its levels.

You collected 1443 gold pieces.
You spent 1364 gold pieces at shops.

Inventory:

Hand Weapons
 a - the +5 whip "Leweg" (weapon) {slash, MR++ Dex+2}
   (You found it on level 4 of the Dungeon)

   It inflicts extra damage upon your enemies.
   It affects your dexterity (+2).
   It affects your resistance to hostile enchantments.
 i - the +7 great sword of Lahet {slice, rN+ Str+2}
   (You found it on level 11 of the Dungeon)

   It inflicts extra damage upon your enemies.
   It affects your strength (+2).
   It protects you from negative energy.
 q - a +0 whip of flaming
 t - a +0 flail
 B - a +0 hand axe of venom
 D - a +3 dagger of venom
 F - a +0 giant spiked club
 N - a +1 hand axe of flaming
Armour
 c - a +2 robe of resistance (worn)
 l - a +0 cloak (worn)
 x - a +2 hat (worn)
 Q - a +2 shield (worn)
 R - a scarf of spirit shield
 U - a +1 robe of positive energy
Magical Staves
 G - an uncursed staff of earth
Jewellery
 h - an amulet of guardian spirit (around neck)
 n - an uncursed ring of protection from magic
 s - a +3 ring of strength
 v - a ring of magical power (left hand)
 w - a cursed ring of teleportation
 z - an uncursed ring of positive energy
 C - an uncursed amulet of guardian spirit
 E - a ring of poison resistance (right hand)
 J - the ring of the Countless Curses {rElec rF- rC- MP+9 SInv}
   (You found it on level 8 of the Dungeon)

   [ring of see invisible]

   It makes you vulnerable to fire.
   It makes you vulnerable to cold.
   It insulates you from electricity.
   It affects your magic capacity (+9).
   It lets you see invisible.
 L - an uncursed ring of protection from magic
 O - an uncursed ring of flight
 P - an uncursed ring of protection from cold
 S - an uncursed ring of ice
Wands
 g - a wand of flame (14)
Scrolls
 d - 5 scrolls of amnesia
 j - 9 scrolls of remove curse
 k - 3 scrolls of magic mapping
 m - 5 scrolls of identify
 o - a scroll of random uselessness
 p - 2 scrolls of immolation
 y - a scroll of enchant weapon
 A - 2 scrolls of torment
 I - 3 scrolls of vulnerability
 K - a scroll of holy word
 M - 3 scrolls of fear
Potions
 b - 2 potions of brilliance
 e - a potion of flight
 r - 2 potions of curing
 T - a potion of lignification
Comestibles
 f - 28 rations


   Skills:
 + Level 18.3 Fighting
 * Level 12.5 Maces & Flails
 * Level 3.4 Armour
 * Level 3.8 Dodging
 - Level 3.0 Shields
 - Level 3.0 Spellcasting
 - Level 4.0 Invocations
 - Level 3.0 Evocations


You had 18 spell levels left.
You didn't know any spells.
Your spell library contained the following spells:

 Spells                   Type           Power        Failure   Level  Hunger
 Apportation              Tloc           #.....       78%         1    #......
 Summon Butterflies       Summ           #.......     78%         1    #......
 Lesser Beckoning         Tloc           #.........   98%         3    ###....
 Tukima's Dance           Hex            #.......     98%         3    ###....
 Alistair's Intoxication  Tmut/Pois      #.......     100%        5    ######.
 Invisibility             Hex            #.......     100%        6    #######


Dungeon Overview and Level Annotations

Branches:
Dungeon (11/15)            Temple (1/1) D:5            Lair (2/6) D:11
    Orc (2/2) D:9             Elf (0/3) Orc:2
  Swamp: Lair:2-4    Shoals: Lair:2-4     Snake: Lair:2-4    Spider: Lair:2-4

Altars:
Ashenzari
Cheibriados
Dithmenos
Elyvilon
Fedhas
Gozag
Hepliaklqana
Kikubaaqudgha
Makhleb
Nemelex Xobeh
Okawaru
Qazlal
Ru
Sif Muna
Trog
Uskayaw
Vehumet
Wu Jian
Xom
Yredelemnul
Zin
The Shining One
Beogh

Shops:
D:4 =(%!   D:5 ?   Orc:2 *

Portals:
Ice
Cave: Orc:2

Annotations:
D:10 3 runed doors, Toogi's ghost, novice DgCj
Lair:2 Sonja!, Sonja


Innate Abilities, Weirdness & Mutations

You are too large for most types of armour.
You have tough skin. (AC +1)
You possess an exceptional clarity of mind.
Your flesh is cold resistant. (rC+)
Your spells are a little harder to cast, but a little more powerful.


Message History

As you read the scroll of fear, it crumbles to dust.
You assume a fearsome visage.
The polar bear looks frightened!
The wolf looks frightened!
The ice dragon looks frightened!
The wolf looks frightened!
The yak looks frightened!
The polar bear looks frightened!
The two-headed ogre looks frightened!
Cornered, the wolf turns to fight!
The two-headed ogre hums to itself desperately, trying to keep calm.
Okay, then.
You feel better. The wolf bites you but does no damage.
The wolf barely misses you. You block the wolf's attack. The wolf bites you.
* * * LOW HITPOINT WARNING * * *
The two-headed ogre seems to regain its courage.
Cornered, the two-headed ogre turns to fight!
Okay, then.
The wolf bites you but does no damage.
The two-headed ogre hits you with a dire flail!!
* * * LOW HITPOINT WARNING * * *
The two-headed ogre hits you with a giant club.
You die...

,,,,,,,,,,,,,,,,,,,,,**
,,,,,,,,,,,,,,,,,,,,**
*,,,,,,,************* *,,....#*
,....#.## *,......# ### *****
**#$....# ##.## **#*,,.**
###..#.## #O.h####.#....,*
#≈≈≈....# ###@#.#.(D.h.Y.,*
≈≈≈≈≈..## ##...##.###..h..,*
≈≈∩≈≈.#.## #....#### *,*...*****
≈≈.≈≈).).# ##....####******#***,*
#≈.≈.)#))###.........*********,,,
#..(..)#).#.........#**,<,,,,,,,,
#.....(.###..........#,,,,,,,,,,,
......)).)).....#.....,,,,,,*,,,,
.........†))...##.#...,,,,,***,,,


You could see a two-headed ogre and a wolf.

Vanquished Creatures
  Gastronok (Lair:1)
  Fannar (Lair:2)
  Harold (D:9)
  A hydra (D:9)
  3 two-headed ogres
  Nergalle (Orc:1)
  An unseen horror (D:10)
  Pikel (D:4)
  An orc knight (Orc:1)
  An orc sorcerer (Orc:1)
  A cyclops (D:11)
  2 spiny frogs (Lair:2)
  2 komodo dragons
  4 trolls
  2 dream sheep (D:8)
  3 hippogriffs
  22 yaks
  A basilisk (Lair:1)
  3 hungry ghosts
  7 wargs
  4 water moccasins
  A porcupine (D:11)
  Duvessa (D:7)
  14 orc warriors
  A swamp drake (Lair:1)
  4 ice beasts
  A phantom (D:8)
  5 black bears
  A sky beast (D:6)
  8 ogres
  14 centaurs
  17 crocodiles
  3 big kobolds (D:9)
  4 bullfrogs
  Dowan (D:7)
  3 scorpions
  9 killer bees (D:10)
  An electric eel (Lair:1)
  3 howler monkeys
  A crimson imp (D:8)
  5 jellies
  Crazy Yiuf (D:2)
  3 hounds
  19 orc priests
  3 centaur skeletons
  Ijyb (D:3)
  Terence (D:2)
  Jessica (D:2)
  4 iguanas
  16 orc wizards
  12 worker ants
  A killer bee zombie (D:5)
  A hound zombie (D:5)
  A hound skeleton (D:9)
  A worker ant zombie (D:8)
  6 gnolls
  10 adders
  3 shadow imps
  2 worms (D:3)
  2 dart slugs (D:1)
  18 leopard geckos
  63 orcs
  A ball python (D:6)
  4 giant cockroaches
  6 goblins
  16 hobgoblins
  8 jackals
  6 quokkas
  7 bats
  17 frilled lizards
  6 kobolds
  A quokka skeleton (D:5)
  A quokka zombie (D:6)
  5 rats
407 creatures vanquished.

Vanquished Creatures (others)
  An orc (D:4)
  7 fungi
8 creatures vanquished.

Grand Total: 415 creatures vanquished

Notes
Turn   | Place    | Note
-------+----------+-------------------------------------------
     0 | D:1      | Ihlosi the Ogre Fighter began the quest for the Orb.
     0 | D:1      | Reached XP level 1. HP: 24/24 MP: 1/1
    72 | D:1      | Reached XP level 2. HP: 27/33 MP: 2/2
   504 | D:1      | Reached XP level 3. HP: 37/40 MP: 3/3
  1010 | D:2      | Found a runed door.
  1089 | D:2      | Reached skill level 5 in Fighting
  1433 | D:2      | Noticed Jessica
  1444 | D:2      | Reached XP level 4. HP: 43/50 MP: 2/4
  1447 | D:2      | Killed Jessica
  1629 | D:2      | Noticed Terence
  1646 | D:2      | Killed Terence
  1646 | D:2      | Reached XP level 5. HP: 50/59 MP: 3/5
  2032 | D:2      | Noticed Crazy Yiuf
  2033 | D:2      | Gained mutation: You are weak. (Str -2) [potion of
                  | mutation]
  2033 | D:2      | Lost mutation: You are weak. (Str -2) [potion of mutation]
  2033 | D:2      | Gained mutation: You evolve. [potion of mutation]
  2033 | D:2      | Gained mutation: Your spells are a little harder to cast,
                  | but a little more powerful. [potion of mutation]
  2045 | D:2      | Killed Crazy Yiuf
  2045 | D:2      | Reached skill level 6 in Fighting
  2094 | D:2      | Lost mutation: Your spells are a little harder to cast, but
                  | a little more powerful. [potion of mutation]
  2094 | D:2      | Lost mutation: You evolve. [potion of mutation]
  2094 | D:2      | Gained mutation: You possess an exceptional clarity of
                  | mind. [potion of mutation]
  2094 | D:2      | Gained mutation: Your flesh is cold resistant. (rC+)
                  | [potion of mutation]
  2094 | D:2      | Gained mutation: Your spells are a little harder to cast,
                  | but a little more powerful. [potion of mutation]
  2250 | D:3      | Noticed Ijyb
  2738 | D:3      | Found a snail-covered altar of Cheibriados.
  2738 | D:3      | Found a shimmering altar of Xom.
  2740 | D:3      | Found a white marble altar of Elyvilon.
  2786 | D:3      | Reached XP level 6. HP: 65/68 MP: 4/6
  2824 | D:3      | Killed Ijyb
  3529 | D:3      | Reached skill level 7 in Fighting
  3793 | D:4      | Found Nezxirch's Distillery.
  3839 | D:4      | Noticed a slave
  3841 | D:4      | Noticed Pikel
  3841 | D:4      | Got a steaming whip
  3841 | D:4      | Noticed a slave
  3843 | D:4      | Noticed a slave
  3867 | D:3      | Identified the +5 whip "Leweg" {slash, MR++ Dex+2} (You
                  | found it on level 4 of the Dungeon)
  3915 | D:4      | Noticed a slave
  4067 | D:4      | Killed Pikel
  4067 | D:4      | Reached skill level 8 in Fighting
  4067 | D:4      | Reached skill level 5 in Maces & Flails
  4067 | D:4      | Reached XP level 7. HP: 50/81 MP: 4/7
  4067 | D:4      | Reached XP level 8. HP: 57/91 MP: 4/8
  4068 | D:4      | Reached skill level 9 in Fighting
  4383 | D:4      | Found Cafriaku's Food Emporium.
  4495 | D:4      | Found Elonakhi's Jewellery Shop.
  4503 | D:4      | Bought a cursed ring of teleportation for 63 gold pieces
  4526 | D:4      | Found Wimar's Antique Weapon Emporium.
  4749 | D:4      | Bought a potion of haste for 100 gold pieces
  4840 | D:5      | Entered Level 5 of the Dungeon
  5405 | D:5      | Reached skill level 10 in Fighting
  5853 | D:5      | Found a staircase to the Ecumenical Temple.
  5862 | Temple   | Entered the Ecumenical Temple
  6050 | Temple   | Became a worshipper of Warmaster Okawaru
  6247 | D:5      | Found Goronn's Magic Scroll Boutique.
  6270 | D:5      | Bought a scroll of enchant weapon for 105 gold pieces
  6270 | D:5      | Bought a scroll of teleportation for 42 gold pieces
  6771 | D:6      | Found a shattered altar of Ashenzari.
  6795 | D:6      | Reached XP level 9. HP: 36/102 MP: 2/9
  7814 | D:7      | Reached skill level 11 in Fighting
  7814 | D:7      | Reached skill level 1 in Invocations
  7870 | D:7      | Noticed a komodo dragon
  8087 | D:7      | Noticed Dowan
  8089 | D:7      | Noticed Duvessa
  8102 | D:7      | Killed Duvessa
  8102 | D:7      | Reached * piety under Okawaru
  8107 | D:7      | Killed Dowan
  8263 | D:7      | Killed a komodo dragon
  8263 | D:7      | Reached skill level 1 in Spellcasting
  8888 | D:8      | Found a radiant altar of Vehumet.
  9213 | D:8      | Reached ** piety under Okawaru
  9264 | D:8      | Noticed a two-headed ogre
  9282 | D:8      | Killed a two-headed ogre
  9282 | D:8      | Reached *** piety under Okawaru
  9282 | D:8      | Reached skill level 12 in Fighting
  9282 | D:8      | Reached XP level 10. HP: 93/117 MP: 8/14
  9898 | D:8      | Got a smoking ivory ring
  9900 | D:8      | Identified the ring of the Countless Curses {rElec rF- rC-
                  | MP+9 SInv} (You found it on level 8 of the Dungeon)
 10339 | D:8      | Reached skill level 1 in Evocations
 10939 | D:5      | Bought a scroll of fear for 49 gold pieces
 10939 | D:5      | Bought a scroll of amnesia for 49 gold pieces
 11231 | D:9      | Noticed a two-headed ogre
 11378 | D:9      | Reached **** piety under Okawaru
 11378 | D:9      | Reached skill level 13 in Fighting
 11855 | D:9      | Found a staircase to the Orcish Mines.
 11926 | D:9      | Reached skill level 1 in Armour
 11969 | D:8      | Reached ***** piety under Okawaru
 12309 | D:9      | Reached XP level 11. HP: 69/128 MP: 7/15
 12664 | D:9      | Reached skill level 10 in Maces & Flails
 12670 | D:9      | Reached skill level 14 in Fighting
 12950 | D:9      | Found a stormy altar of Qazlal.
 12950 | D:9      | Found a glowing golden altar of the Shining One.
 13221 | D:9      | Noticed a two-headed hydra
 13237 | D:9      | Killed a two-headed hydra
 13599 | D:10     | Entered Level 10 of the Dungeon
 13725 | D:10     | Found a runed gate.
 13726 | D:10     | Found a runed gate.
 13727 | D:10     | Found a runed gate.
 13751 | D:10     | Noticed an unseen horror
 13759 | D:10     | Killed an unseen horror
 14193 | D:10     | Found a bloodstained altar of Trog.
 14296 | D:10     | Noticed a two-headed ogre
 14311 | D:10     | Killed a two-headed ogre
 14532 | D:10     | Noticed Toogi's ghost (novice DgCj)
 14943 | D:10     | Received a gift from Okawaru
 15140 | D:10     | Reached skill level 15 in Fighting
 15829 | D:11     | Killed a two-headed ogre
 16370 | D:11     | Found a staircase to the Lair.
 16439 | D:11     | Reached XP level 12. HP: 95/144 MP: 12/16
 16881 | D:11     | Got a steaming great sword
 16887 | D:11     | Identified the +7 great sword of Lahet {slice, rN+ Str+2}
                  | (You found it on level 11 of the Dungeon)
 17256 | D:11     | Found a roughly hewn altar of Beogh.
 17270 | D:11     | Reached skill level 16 in Fighting
 17901 | D:4      | Bought an uncursed ring of poison resistance for 280 gold
                  | pieces
 18147 | Lair:1   | Entered Level 1 of the Lair of Beasts
 18375 | Lair:1   | Noticed Gastronok
 18395 | Lair:1   | Killed Gastronok
 19243 | Lair:2   | Noticed Sonja
 19299 | Lair:2   | Reached skill level 17 in Fighting
 19660 | Lair:2   | Noticed Fannar
 19739 | Lair:2   | Killed Fannar
 19739 | Lair:2   | Received a gift from Okawaru
 20966 | Orc:1    | Entered Level 1 of the Orcish Mines
 21070 | Orc:1    | Noticed Harold
 21097 | D:9      | Killed Harold
 21097 | D:9      | Reached skill level 18 in Fighting
 21530 | Orc:1    | Noticed Nergalle
 21702 | Orc:1    | Killed Nergalle
 21702 | Orc:1    | Reached XP level 13. HP: 158/158 MP: 17/17
 21829 | Orc:1    | Found a roughly hewn altar of Beogh.
 22351 | Orc:2    | Entered Level 2 of the Orcish Mines
 22396 | Orc:2    | Found Xaos's General Store.
 22498 | Orc:2    | Bought a scroll of acquirement for 676 gold pieces
 22543 | Orc:2    | Found a frozen archway.
 22544 | Orc:2    | Noticed an ice dragon
 22591 | Orc:2    | HP: 2/159 [two-headed ogre/dire flail (18)]
 22591 | Orc:2    | Slain by a two-headed ogre

Skill      XL: |  1  2  3  4  5  6  7  8  9 10 11 12 |
---------------+-------------------------------------+-----
Maces & Flails | 2 3 5 7 8 9 11 12 | 12.5
Dodging        | 3 |  3.8
Shields        | 3 |  3.0
Fighting       | 5 6 8 10 12 13 15 18 | 18.3
Invocations    | 3 4 |  4.0
Spellcasting   | 2 3 |  3.0
Evocations     | 2 3 |  3.0
Armour         | 1 3 |  3.4

Action                   |  1- 3 |  4- 6 |  7- 9 | 10-12 | 13-15 || total
-------------------------+-------+-------+-------+-------+-------++-------
Melee: Flail             |   109 |   208 |       |       |       ||   317
       Whip              |       |    23 |   255 |  1063 |   152 ||  1493
       Hand axe          |       |       |       |     8 |    12 ||    20
Throw: Large rock        |       |       |     2 |    14 |    12 ||    28
       Stone             |       |       |       |     1 |       ||     1
Invok: Heroism           |       |       |     1 |     1 |       ||     2
       Finesse           |       |       |       |     2 |     3 ||     5
Evoke: Wand              |       |       |     1 |     9 |     4 ||    14
  Use: Potion            |     1 |    11 |     2 |     5 |     7 ||    26
       Scroll            |       |     1 |     1 |    13 |     4 ||    19
 Stab: Sleeping          |     1 |       |     2 |     2 |       ||     5
  Eat: Chunk             |     1 |     5 |    15 |    33 |     1 ||    55
       Ration            |       |     1 |     1 |     3 |       ||     5
Armor: Robe              |    33 |    34 |    23 |   126 |    16 ||   232
       Skin              |       |    34 |       |       |    22 ||    56
Dodge: Dodged            |    57 |    61 |    55 |   204 |    20 ||   397
Block: Shield            |    51 |   103 |    79 |   319 |    28 ||   580
